 Dungeon Crawl Stone Soup version 0.18.1-50-g88ac8fd (webtiles) character file.

135 Itekku the Skirmisher (level 4, -1/37 HPs)
             Began as a Demonspawn Fighter on Oct 11, 2016.
             Killed by nerve-wracking pain
             ... invoked by an orc priest
              (8 damage)
             ... on level 3 of the Dungeon.
             The game lasted 00:10:58 (2330 turns).

Itekku the Skirmisher (Demonspawn Fighter)          Turns: 2330, Time: 00:10:58

Health: -1/37      AC:  9    Str: 17    XL:     4   Next: 96%
Magic:  4/4        EV:  4    Int: 10    God:
Gold:   138        SH:  9    Dex: 12    Spells: 0 memorised, 3 levels left

rFire  . . .     SeeInvis .     a - +1 war axe
rCold  . . .     Gourm    .     p - +0 chain mail
rNeg   . . .     Faith    .     c - +0 shield
rPois  .         Spirit   .     (no helmet)
rElec  .         Dismiss  +     (no cloak)
rCorr  .         Reflect  .     (no gloves)
SustAt .         Harm     .     (no boots)
MR     .....                    q - amulet of dismissal
Stlth  ..........               (no ring)
                                (no ring)

@: not resistant to hostile enchantments, extremely unstealthy
A: talons 1, demonic guardian 1
a: no special abilities


You were on level 3 of the Dungeon.
You were not hungry.

You visited 1 branch of the dungeon, and saw 3 of its levels.

You collected 138 gold pieces.

Inventory:

Hand Weapons
 a - a +1 war axe (weapon)
Armour
 b - a +0 scale mail
 c - a +0 shield (worn)
 e - a +0 leather armour
 p - a +0 chain mail (worn)
Jewellery
 i - an uncursed amulet of rage
 q - an amulet of dismissal (around neck)
Wands
 o - a wand of lightning (7/15)
Potions
 g - a potion of lignification {unknown}
 h - a potion of flight {unknown}
 k - a potion of berserk rage {unknown}
 n - a potion of curing {unknown}
Comestibles
 f - a bread ration
 j - a meat ration
 l - 2 slices of pizza
 m - a beef jerky


   Skills:
 + Level 4.0 Fighting
 + Level 2.5 Axes
 + Level 3.4 Armour
 - Level 0.1 Dodging
 + Level 3.3 Shields


You had 3 spell levels left.
You didn't know any spells.

Dungeon Overview and Level Annotations

Branches:
Dungeon (3/15)

Altars:
Kikubaaqudgha
The Shining One


Innate Abilities, Weirdness & Mutations

You have sharp toenails.
A weak demonic guardian rushes to your aid.


Message History

Beogh smites you!
The orc hits your iron imp but does no damage.
You closely miss the orc. You claw the orc, but do no damage.
The orc is moderately wounded.
The orc hits your iron imp but does no damage.
Your iron imp barely misses the orc.
The orc hits you but does no damage.
The orc priest invokes the aid of Beogh against you.
Beogh smites you!
Your iron imp barely misses the orc.
You slash the orc!
You kill the orc!
You hit the orc priest. Your kick misses the orc priest.
The orc priest is lightly wounded.
The orc priest mumbles some strange prayers to Beogh against you.
Beogh smites you!
* * * LOW HITPOINT WARNING * * *
Your iron imp closely misses the orc priest.
You swap places.
The orc priest calls down the wrath of Beogh upon you.
Pain shoots through your body!
You die...

#####.# ### #.# ..###.##
#..>...#####
#####......##
#.####..#### #.# ##()).#
#.########(### #....#
#(.@####... ####.#
#((5o......
########.####..###>.....
................ ###...
######....######. ..
##?#.## ## ##..#...
####..###### .....##


You could see an orc priest and a friendly iron imp.

Vanquished Creatures
  Jessica (D:2)
  5 adders
  An ooze (D:2)
  2 worms
  A giant gecko (D:3)
  5 orcs (D:3)
  A ball python (D:1)
  12 bats
  4 giant cockroaches
  2 goblins
  2 hobgoblins
  2 jackals (D:1)
  A kobold (D:2)
  A quokka (D:2)
  5 giant newts
  7 rats
52 creatures vanquished.

Vanquished Creatures (collateral kills)
  3 orcs (D:3)
3 creatures vanquished.

Vanquished Creatures (others)
  A human (D:2)
1 creature vanquished.

Grand Total: 56 creatures vanquished

Notes
Turn   | Place    | Note
--------------------------------------------------------------
     0 | D:1      | Itekku the Demonspawn Fighter began the quest for the Orb.
     0 | D:1      | Reached XP level 1. HP: 18/18 MP: 1/1
   110 | D:1      | Gained mutation: You have sharp toenails. [demonic ancestry]
   110 | D:1      | Reached XP level 2. HP: 21/24 MP: 2/2
   884 | D:2      | Reached XP level 3. HP: 7/29 MP: 3/3
  1214 | D:2      | Found a glowing golden altar of the Shining One.
  1406 | D:2      | Noticed Jessica
  1408 | D:2      | Found an ancient bone altar of Kikubaaqudgha.
  1408 | D:2      | Noticed a human
  1411 | D:2      | Killed a human
  1412 | D:2      | Killed Jessica
  1412 | D:2      | Gained mutation: A weak demonic guardian rushes to your aid. [demonic ancestry]
  1412 | D:2      | Reached XP level 4. HP: 34/36 MP: 4/4
  2323 | D:3      | Reached skill level 4 in Fighting
  2330 | D:3      | Killed from afar by an orc priest

Skill      XL: |  1  2  3  4 |
---------------+-------------+-----
Armour         | 3 |  3.4
Shields        | 3 |  3.3
Axes           | 2 |  2.5
Fighting       | 4 |  4.0
Dodging        | |  0.1

Action                   |  1- 3 |  4- 6 || total
-------------------------+-------+-------++-------
Melee: War axe           |   108 |    77 ||   185
       Kick              |    16 |    16 ||    32
  Use: Scroll            |     1 |     3 ||     4
       Potion            |     1 |       ||     1
  Eat: Chunk             |     2 |     3 ||     5
Armor: Scale mail        |    92 |    32 ||   124
       Chain mail        |       |     5 ||     5
Dodge: Dodged            |    56 |    24 ||    80
Block: Shield            |    76 |    41 ||   117
